 Dungeon Crawl Stone Soup version 0.23-a0-483-g32a748b514 (webtiles) character file.

324 Marlight the Slasher (level 6, -1/48 HPs)
             Began as a Human Berserker on Nov 30, 2018.
             Was a Believer of Trog.
             Slain by a wight
             ... wielding a +3 falchion
              (9 damage)
             ... on level 4 of the Dungeon.
             The game lasted 00:17:28 (2233 turns).

Marlight the Slasher (Human Berserker)              Turns: 2233, Time: 00:17:29

Health: -1/48      AC:  4    Str: 18    XL:     6   Next: 78%
Magic:  6/6        EV: 13    Int:  8    God:    Trog [**....]
Gold:   124        SH:  0    Dex: 13    Spells: 5/5 levels left

rFire    . . .     SeeInvis .   a - +0 falchion
rCold    . . .     Gourm    .   (no shield)
rNeg     . . .     Faith    .   b - +0 animal skin
rPois    .         Spirit   .   (no helmet)
rElec    .         Reflect  .   i - +1 cloak
rCorr    .         Harm     .   (no gloves)
MR       ++...                  (no boots)
Stlth    +.........             (no amulet)
HPRegen  1.16/turn              (no ring)
MPRegen  0.10/turn              (no ring)

@: regenerating, drained
A: no striking features
a: Berserk, Trog's Hand, Renounce Religion


You were on level 4 of the Dungeon.
You worshipped Trog.
Trog was pleased with you.
You were hungry.

You visited 1 branch of the dungeon, and saw 4 of its levels.

You collected 124 gold pieces.

Inventory:

Hand Weapons
 a - a +0 falchion (weapon)
Armour
 b - a +0 animal skin (worn)
 e - a +0 scale mail
 i - a +1 cloak (worn)
Wands
 n - a wand of paralysis (7)
Scrolls
 d - 4 scrolls of teleportation
 f - a scroll of fog
 g - a scroll of enchant armour {unknown}
 h - 2 scrolls of blinking {unknown}
 j - a scroll of amnesia {unknown}
 o - a scroll of random uselessness {unknown}
Potions
 k - a potion of brilliance {unknown}
 l - 3 potions of curing {unknown}
 m - a potion of mutation {unknown}
Comestibles
 c - 10 rations


   Skills:
 + Level 4.0(3.2) Fighting
 + Level 5.7(4.9) Long Blades
 + Level 2.1(1.3) Armour
 + Level 3.2(2.4) Dodging
 + Level 1.1(0.4) Stealth


You had 5 spell levels left.
You didn't know any spells.
Your spell library was empty.

Dungeon Overview and Level Annotations

Branches:
Dungeon (4/15)
 Temple: D:4-7

Altars:
Cheibriados
Elyvilon
Ru
Sif Muna


Message History

The wight hits you from afar with a +2 spear!
* * * LOW HITPOINT WARNING * * *
You barely miss the wight. The wight closely misses you.
The wight hits you from afar with a +2 spear.
* * * LOW HITPOINT WARNING * * *
You feel drained.
Your skin crawls.
You feel resistant to hostile enchantments.
You are feeling hungry.
The wight completely misses you.
You riposte.
You closely miss the wight. The wight hits you but does no damage.
You hit the wight.
The wight is lightly damaged.
The wight hits you with a +3 falchion.
* * * LOW HITPOINT WARNING * * *
The wight closely misses you.
You slash the wight!
The wight is heavily damaged.
The wight hits you with a +3 falchion!
You die...

#.# #.......# #.# #.#.###.#
... .....# #.# #.####.###
#.# #######.####.# #.#
.......z.....# #.# ..# #z#
#### #.# #.# #z# #.#
##########.###@# #######.#
...............####.......#
##########..........#######
############


You could see 3 wights.

Vanquished Creatures
  A bullfrog (D:3)
  Jessica (D:3)
  A worker ant (D:3)
  10 adders
  A gnoll (D:3)
  4 worms
  3 dart slugs
  5 leopard geckos
  4 orcs
  5 giant cockroaches
  3 goblins
  11 hobgoblins
  10 jackals
  2 quokkas
  3 ball pythons
  8 bats
  6 frilled lizards
  5 kobolds
  8 rats
91 creatures vanquished.

Notes
Turn   | Place    | Note
-------+----------+-------------------------------------------
     0 | D:1      | Marlight the Human Berserker began the quest for the Orb.
     0 | D:1      | Reached XP level 1. HP: 18/18 MP: 1/1
   162 | D:1      | Reached XP level 2. HP: 23/24 MP: 2/2
   429 | D:1      | Reached XP level 3. HP: 9/29 MP: 3/3
   624 | D:1      | Reached ** piety under Trog
   905 | D:2      | Reached XP level 4. HP: 30/35 MP: 4/4
   937 | D:2      | Reached skill level 4 in Long Blades
  1233 | D:2      | Found a snail-covered altar of Cheibriados.
  1368 | D:3      | Reached XP level 5. HP: 38/41 MP: 5/5
  1393 | D:3      | Noticed a bullfrog
  1412 | D:3      | Killed a bullfrog
  1412 | D:3      | Reached skill level 5 in Long Blades
  1489 | D:3      | Found a sacrificial altar of Ru.
  1489 | D:3      | Found a deep blue altar of Sif Muna.
  1489 | D:3      | Found a white marble altar of Elyvilon.
  1514 | D:3      | Reached XP level 6. HP: 28/48 MP: 6/6
  1566 | D:3      | Reached skill level 1 in Stealth
  1733 | D:3      | Noticed Jessica
  1738 | D:3      | Killed Jessica
  2035 | D:3      | Reached *** piety under Trog
  2233 | D:4      | Slain by a wight

Vault maps used:
D:1:      wheals_arrival_shading, minmay_cupped
D:2:      cheibriados_altar_1
D:3:      gammafunk_temple_overflow_claw, minmay_divided_ellipse, uniq_jessica
D:4:      serial_shops, kennysheep_mini, first_ration

Skill      XL: |  1  2  3  4  5  6 |
---------------+-------------------+-----
Long Blades    | 4 5 |  5.7
Dodging        | 3 |  3.2
Stealth        | 1 |  1.1
Fighting       | 4 |  4.0
Armour         | |  2.1

Action                   |  1- 3 |  4- 6 || total
-------------------------+-------+-------++-------
Melee: Falchion          |   101 |   227 ||   328
Invok: Trog's Hand       |     2 |     5 ||     7
  Use: Scroll            |     3 |     2 ||     5
       Potion            |       |     2 ||     2
 Stab: Sleeping          |       |     1 ||     1
  Eat: Ration            |     1 |     1 ||     2
Armor: Animal skin       |    25 |    55 ||    80
Dodge: Dodged            |    81 |   187 ||   268
       Rpst.: Falchion   |    22 |    64 ||    86

Table legend:
 A = Non-vault XP
 B = Vault XP
 C = Vault XP percentage of total XP
 D = Non-vault monster count
 E = Vault monster count
 F = Vault count percentage of total count
                 A         B        C        D         E       F
            +---------+---------+-------+---------+---------+-------
      Total |     381 |      83 |  17.9 |      75 |      16 |  17.6
            +---------+---------+-------+---------+---------+-------
        D:1 |      36 |       5 |  12.2 |      22 |       4 |  15.4
        D:2 |      90 |       0 |   0.0 |      26 |       0 |   0.0
        D:3 |     252 |      78 |  23.6 |      26 |      12 |  31.6
        D:4 |       3 |       0 |   0.0 |       1 |       0 |   0.0
            +---------+---------+-------+---------+---------+-------
